Map: [ESL] Hard Lead

Players

Classic - Winner!

  • Race: Protoss Protoss
  • Spawn Location: 11:00

Lambo

  • Race: Zerg Zerg
  • Spawn Location: 5:00

Event: ESL SC2 Masters 2023 Winter (Finals)

VOD

Have the link to the VOD?

Description

Time

  • Played on: Dec. 16, 2023, 12:10 p.m.
  • Length: 8:01

All games in this series

Show
View Real Time Build Order
Export as new Build Order

Classic Protoss - Winner!

Build Orders: 1 Gate Expand, Oracle Opening, Phoenix Opening 

Get SALT Encoding   

  12  0:00  Probe  
  13  0:12  Probe  
  14  0:19  Pylon  
  14  0:24  Probe  
  15  0:37  Probe (Chrono Boost)  
  15  0:40  Gateway  
  16  0:47  Assimilator, Probe (Chrono Boost)  
  17  0:52  Probe (Chrono Boost)  
  18  1:04  Probe  
  19  1:16  Probe  
  20  1:23  Nexus  
  20  1:28  Probe  
  21  1:39  Cybernetics Core  
  21  1:41  Probe  
  21  1:45  Assimilator  
  22  1:52  Pylon  
  22  1:54  Probe  
  23  2:10  Probe  
  23  2:13  Adept (Chrono Boost)  
  24  2:18  Stargate  
  24  2:22  Probe  
  27  2:26  Warp Gate  
  27  2:34  Probe (Chrono Boost)  
  27  2:35  Adept  
  27  2:36  Probe (Chrono Boost)  
  32  2:45  Probe (Chrono Boost)  
  32  2:46  Probe (Chrono Boost)  
  32  2:50  Probe (Chrono Boost)  
  32  2:51  Probe (Chrono Boost)  
  35  3:01  Phoenix (Chrono Boost)  
  35  3:02  Probe  
  35  3:03  Probe  
  39  3:08  Adept  
  39  3:09  Pylon  
  41  3:18  Probe x2  
  43  3:22  Oracle (Chrono Boost)  
  46  3:30  Probe  
  46  3:34  Probe  
  46  3:37  Gateway  
  46  3:44  Nexus  
  46  3:47  Pylon  
  46  3:50  Probe x2  
  46  3:54  Oracle (Chrono Boost)  
  51  4:02  Assimilator, Probe x2  
  53  4:04  Assimilator  
  53  4:09  Pylon  
  53  4:14  Probe x2  
  53  4:16  Adept  
  57  4:26  Oracle (Chrono Boost)  
  57  4:27  Probe x2  
  62  4:36  Pylon  
  62  4:39  Probe x2  
  62  4:42  Twilight Council  
  62  4:43  Forge  
  62  5:01  Probe x2 (Chrono Boost)  
  62  5:03  Gateway  
  62  5:05  Gateway x2, Probe (Chrono Boost)  
  62  5:06  Gateway  
  65  5:10  Sentry x2  
  65  5:13  Probe x2 (Chrono Boost)  
  72  5:15  Robotics Facility  
  72  5:17  Protoss Ground Weapons Level 1 (Chrono Boost), Probe (Chrono Boost)  
  72  5:20  Probe x2 (Chrono Boost)  
  72  5:25  Probe  
  75  5:29  Blink (Chrono Boost)  
  75  5:34  Probe x2  
  77  5:38  Probe  
  72  5:46  Gateway, Probe x2  
  72  5:47  Gateway  
  74  5:52  Stalker x2  
  74  5:55  Pylon  
  78  5:59  Warp Prism (Chrono Boost)  
  80  6:07  Assimilator  
  80  6:08  Sentry x2  
  80  6:11  Assimilator  
  84  6:12  Pylon  
  84  6:13  Pylon  
  84  6:14  Stalker  
  84  6:17  Pylon  
  84  6:18  Probe  
  87  6:22  Probe x2  
  89  6:27  Stalker x2  
  93  6:33  Photon Cannon  
  93  6:42  Stalker x3  
  93  6:43  Stalker x2  
  93  6:44  Stalker  
  105  6:52  Probe x3  
  108  6:59  Stalker x2  
  112  7:03  Pylon  
  112  7:09  Stalker x5  
  112  7:12  Stalker  
  124  7:21  Pylon  
  124  7:22  Pylon  
  124  7:24  Pylon  
  124  7:34  Stalker x4  
  132  7:40  Stalker x2  
  134  7:48  Stalker x2  
  116  7:59  Stalker x2  
  116  8:00  Stalker x2  
Show
View Real Time Build Order
Export as new Build Order

Lambo Zerg 

Build Orders: Hatch First 

Get SALT Encoding   

  12  0:00  Drone  
  13  0:12  Overlord  
  13  0:17  Drone  
  14  0:30  Drone x2  
  16  0:47  Hatchery  
  15  0:50  Drone  
  15  0:54  Drone  
  17  0:57  Drone  
  18  1:08  Extractor  
  17  1:12  Spawning Pool  
  17  1:15  Drone  
  17  1:18  Drone  
  18  1:27  Drone  
  19  1:40  Drone  
  20  1:53  Drone  
  21  1:59  Queen x2  
  21  2:00  Zergling x2  
  26  2:06  Overlord  
  26  2:09  Metabolic Boost  
  26  2:11  Drone  
  26  2:13  Drone  
  28  2:25  Drone x2  
  30  2:34  Hatchery  
  30  2:36  Drone  
  30  2:38  Drone  
  30  2:43  Drone  
  32  2:44  Overlord  
  32  2:51  Queen  
  32  2:54  Drone  
  32  2:57  Drone  
  36  3:02  Queen  
  38  3:09  Zergling x2, Overlord  
  38  3:11  Drone x2  
  41  3:23  Drone x2  
  41  3:24  Drone  
  41  3:28  Drone  
  41  3:31  Drone  
  43  3:34  Queen  
  43  3:37  Drone  
  46  3:41  Overlord  
  46  3:44  Overlord  
  46  3:52  Spore Crawler  
  46  3:53  Drone x2  
  46  3:54  Queen  
  46  3:55  Drone  
  50  3:59  Overlord  
  50  4:00  Drone x3  
  53  4:03  Spore Crawler  
  53  4:04  Drone  
  53  4:05  Drone  
  53  4:09  Drone x2  
  56  4:13  Drone x2  
  56  4:15  Drone x2  
  60  4:20  Overlord  
  60  4:23  Drone x2  
  61  4:27  Queen  
  61  4:28  Drone  
  61  4:31  Overlord  
  64  4:36  Drone, Roach Warren  
  64  4:37  Zergling x2  
  65  4:39  Zergling x2  
  65  4:40  Zergling x4  
  68  4:47  Zergling x4  
  68  4:51  Drone x4  
  70  4:58  Drone x2  
  64  5:01  Drone x5  
  64  5:04  Drone  
  70  5:09  Drone x2  
  70  5:14  Drone  
  73  5:21  Lair, Hatchery  
  73  5:23  Drone x2  
  73  5:24  Extractor, Drone  
  73  5:30  Zergling x6  
  73  5:39  Drone x6  
  73  5:40  Drone  
  73  5:41  Drone  
  80  5:45  Drone x2  
  80  5:50  Drone x2  
  80  5:57  Extractor, Overlord  
  81  5:58  Drone  
  81  5:59  Evolution Chamber, Overlord  
  81  6:03  Overlord  
  81  6:04  Overlord x2  
  81  6:05  Drone  
  81  6:07  Overlord  
  81  6:08  Overlord  
  81  6:09  Extractor  
  81  6:11  Drone  
  82  6:14  Spore Crawler  
  82  6:15  Drone x4  
  82  6:16  Drone  
  82  6:18  Drone  
  87  6:24  Zergling x4  
  89  6:27  Drone x3  
  89  6:31  Extractor  
  89  6:32  Glial Reconstitution  
  90  6:36  Drone x5, Baneling Nest  
  90  6:38  Roach  
  96  6:40  Roach  
  96  6:44  Roach x3  
  105  6:47  Roach  
  105  6:49  Roach x2  
  105  6:51  Roach  
  112  6:54  Zergling x2  
  112  6:59  Ravager  
  112  7:00  Zergling x10  
  114  7:02  Zergling x8  
  114  7:04  Ravager x2  
  114  7:06  Zergling x6  
  123  7:11  Zergling x12  
  124  7:16  Zergling x2, Extractor  
  124  7:19  Zergling x2, Ravager  
  124  7:20  Ravager  
  127  7:25  Zergling x4  
  127  7:28  Zergling x6  
  127  7:29  Hatchery  
  131  7:30  Overlord  
  131  7:32  Zergling x4  
  131  7:33  Ravager  
  129  7:38  Roach x3  
  129  7:41  Roach x2  
Tags
 
Add a new tag
Caveats
  • Supply blocks, unpowered buildings, or Contaminate may cause inaccurate times.
  • Supply counts are checked every 10 seconds.